 Dungeon Crawl Stone Soup version 0.21-a0-531-gacddea6 (webtiles) character file.

490 KristoblXynda the Ruffian (level 6, -5/59 HPs)
             Began as a Troll Monk on Dec 13, 2017.
             Was a Believer of Ashenzari.
             Slain by a two-headed ogre
             ... wielding a cursed +0 giant club
              (22 damage)
             ... on level 5 of the Dungeon.
             The game lasted 00:05:49 (2806 turns).

KristoblXynda the Ruffian (Troll Monk)              Turns: 2806, Time: 00:05:49

Health: -5/59      AC:  7    Str: 25    XL:     6   Next: 90%
Magic:  5/5        EV: 11    Int:  8    God:    Ashenzari [**....]
Gold:   254        SH:  5    Dex: 12    Spells: 5/5 levels left

rFire    . . .     SeeInvis .     - Unarmed
rCold    . . .     Gourm    +   (no shield)
rNeg     . . .     Faith    .   a - +0 robe
rPois    .         Spirit   .   u - +2 hat {MR+} (curse)
rElec    .         Reflect  +   (no cloak)
rCorr    +         Harm     .   (gloves unavailable)
MR       +....                  (boots unavailable)
Stlth    ++........             n - +5 amulet of reflection (curse)
HPRegen  0.59/turn              e - ring of resist corrosion
MPRegen  0.09/turn              m - +3 ring of slaying (curse)

@: mighty
A: large, unfitting armour, claws 3, fast metabolism 3, gourmand, regeneration
1, shaggy fur 1, tough skin 2
a: Curse Item, Scrying, Renounce Religion


You were on level 5 of the Dungeon.
You worshipped Ashenzari.
Ashenzari was pleased with you.
You were very full.

You visited 1 branch of the dungeon, and saw 5 of its levels.

You collected 254 gold pieces.

Inventory:

Hand Weapons
 l - a +0 whip
Armour
 a - a +0 robe (worn)
 u - a cursed +2 hat of magic resistance (worn)
Jewellery
 e - a ring of resist corrosion (left claw)
 m - a cursed +3 ring of slaying (right claw)
 n - a cursed +5 amulet of reflection (around neck)
Scrolls
 q - a scroll of magic mapping
 s - a scroll of amnesia
Potions
 c - a potion of agility {unknown}
 h - 2 potions of brilliance
 i - a potion of curing {unknown}
 j - 2 potions of heal wounds
 k - a potion of degeneration {unknown}
 o - 2 potions of lignification
 r - a potion of flight
 t - 2 potions of cancellation {unknown}
Comestibles
 b - 5 bread rations
 f - 3 meat rations
 p - a royal jelly


   Skills:
 - Level 2.4 Fighting
 + Level 4.2 Dodging
 - Level 1.0 Stealth
 * Level 6.6 Unarmed Combat


You had 5 spell levels left.
You didn't know any spells.

Dungeon Overview and Level Annotations

Branches:
Dungeon (5/15)             Temple (0/1) D:5

Altars:
Ashenzari
Hepliaklqana


Innate Abilities, Weirdness & Mutations

You are too large for most types of armour.
You have claws for hands.
Your metabolism is lightning-fast.
You like to eat raw meat.
Your natural rate of healing is unusually fast.
You are covered in fur. (AC +1)
You have very tough skin. (AC +2)


Message History

You see here 17 gold pieces.
You feel very mighty all of a sudden. You block the two-headed ogre's attack.
The two-headed ogre closely misses you.
You scratch the two-headed ogre.
The two-headed ogre is lightly wounded.
You barely miss the two-headed ogre. You claw the two-headed ogre!
The two-headed ogre is moderately wounded.
The two-headed ogre hits you with a giant club!
The two-headed ogre barely misses you.
You claw the two-headed ogre!
The two-headed ogre is heavily wounded.
The two-headed ogre closely misses you. You block the two-headed ogre's attack.
You claw the two-headed ogre!
The two-headed ogre is severely wounded.
You claw the two-headed ogre!
The two-headed ogre is almost dead.
The two-headed ogre hits you with a giant club!!
* * * LOW HITPOINT WARNING * * *
The two-headed ogre hits you with a giant club!!
You die...

,,,,,,**8,,,8*#....#.#*******,#**
,,,,,,**,,,,,*#....#.########.###
,,,,,,*8,,,,,8*.................#
,,,,,,**,,,,,*##.#.#.#####<##.#.#
,,,,,,**8,,,8*#......##.........#
,,,,,,**,,,,,*###....##.......###
,,,,,,*8,,,,,8#.Z.>............##
,,,,,,**,,,,,*##O#...###'#.##.##.
,,,,,,**8,,,8*#.@..........##.##.
,,,,,,****>***#................'.
,,,,,,********##.#...###......##.
,,,,,,,,,,,,**,#...............#.
,*,,,,,,,,,,,..#.#...#####.#...##
,*,,,,,,,,,,,....#...# #.#..##,
,,,,,,****,,.........#####.#..##.
**,,,,+,,*,.##.###...............
,,,,,,*,,**,*#.* #..######.#.####


You could see a two-headed ogre and a centaur zombie.

Vanquished Creatures
  The ghost of p0werm0de the Sneak, an amateur OpEn (D:4)
  A centaur skeleton (D:4)
  An orc wizard (D:4)
  An iguana (D:4)
  3 orc priests
  A worker ant (D:4)
  Terence (D:3)
  3 gnolls (D:2)
  9 adders
  3 dart slugs
  3 worms
  2 leopard geckos
  4 orcs
  7 bats
  3 giant cockroaches
  5 goblins
  12 hobgoblins
  8 jackals
  A quokka (D:4)
  A ball python (D:3)
  4 frilled lizards (D:1)
  2 kobolds
  A quokka skeleton (D:4)
  7 rats
84 creatures vanquished.

Notes
Turn   | Place    | Note
-------+----------+-------------------------------------------
     0 | D:1      | KristoblXynda the Troll Monk began the quest for the Orb.
     0 | D:1      | Reached XP level 1. HP: 22/22 MP: 0/0
    61 | D:1      | Reached XP level 2. HP: 24/29 MP: 1/1
   371 | D:1      | Reached XP level 3. HP: 36/36 MP: 2/2
   584 | D:2      | Reached skill level 4 in Unarmed Combat
   620 | D:2      | Reached XP level 4. HP: 44/44 MP: 3/3
   758 | D:2      | Found a faded altar of an unknown god.
  1268 | D:3      | Reached skill level 5 in Unarmed Combat
  1268 | D:3      | Reached XP level 5. HP: 49/50 MP: 4/4
  1332 | D:3      | Noticed Terence
  1345 | D:3      | Killed Terence
  2112 | D:4      | Noticed p0werm0de's ghost (amateur OpEn)
  2129 | D:4      | Reached XP level 6. HP: 56/59 MP: 5/5
  2138 | D:4      | Killed p0werm0de's ghost
  2138 | D:4      | Reached skill level 6 in Unarmed Combat
  2152 | D:4      | Found a shattered altar of Ashenzari.
  2165 | D:4      | Became a worshipper of Ashenzari the Shackled
  2165 | D:4      | Reached * piety under Ashenzari
  2165 | D:4      | Reached ** piety under Ashenzari
  2372 | D:4      | Found a hazy altar of Hepliaklqana.
  2669 | D:5      | Entered Level 5 of the Dungeon
  2687 | D:5      | Found a staircase to the Ecumenical Temple.
  2792 | D:5      | Noticed a two-headed ogre
  2798 | D:5      | Noticed an ice beast
  2806 | D:5      | Slain by a two-headed ogre

Vault maps used:
D:1:      dpeg_arrival_short_road
D:2:      chequers_ecumenical_altar_grove
D:3:      first_bread, uniq_terence
D:4:      kennysheep_little_box, cheibrodos_ashenzari_chains
D:5:      lemuel_coloured_pillars_altar, kennysheep_vampire_church,
          nicolae_overflow_hidden_temple, temple_green, serial_curves,
          eino_curves_01, eino_curves_02, supply_closet_lemuel

Skill      XL: |  1  2  3  4  5  6 |
---------------+-------------------+-----
Unarmed Combat | 4 5 6 |  6.6
Dodging        | 3 4 |  4.2
Fighting       | |  2.4
Stealth        | |  1.0

Action                   |  1- 3 |  4- 6 || total
-------------------------+-------+-------++-------
Melee: Unarmed           |    66 |   136 ||   202
       Punch             |     2 |     1 ||     3
Invok: Curse Item        |       |     3 ||     3
  Use: Scroll            |       |     9 ||     9
       Potion            |       |     1 ||     1
 Stab: Sleeping          |     1 |     2 ||     3
       Distracted        |       |     1 ||     1
  Eat: Chunk             |    11 |    19 ||    30
Armor: Robe              |    18 |    31 ||    49
Dodge: Dodged            |    26 |    69 ||    95
Block: Other             |       |    14 ||    14

Table legend:
 A = Spawn XP
 B = Non-spawn XP
 C = Spawn XP percentage of total XP
 D = Spawn monster count
 E = Non-spawn monster count
 F = Spawn count percentage of total count
 G = Total turns spent on level
                    A         B        C        D         E        F      G
               +---------+---------+-------+---------+---------+-------+---------
         Total |       0 |     700 |   0.0 |       0 |      84 |   0.0 |  2806
               +---------+---------+-------+---------+---------+-------+---------
           D:1 |       0 |      46 |   0.0 |       0 |      27 |   0.0 |   549
           D:2 |       0 |     134 |   0.0 |       0 |      20 |   0.0 |   687
           D:3 |       0 |     140 |   0.0 |       0 |      15 |   0.0 |   743
           D:4 |       0 |     363 |   0.0 |       0 |      20 |   0.0 |   690
           D:5 |       0 |      17 |   0.0 |       0 |       2 |   0.0 |   137
               +---------+---------+-------+---------+---------+-------+---------
